 Dungeon Crawl Stone Soup version 0.31-a0-819-gf6de2f5ab6 (webtiles) character file.

Game seed: 15239269610036747502

78 Kurtz the Chopper (level 4, -2/31 HPs)
             Began as an Octopode Fighter on Sept 25, 2023.
             Slain by an orc
             ... wielding a +0 trident
              (4 damage)
             ... on level 3 of the Dungeon.
             The game lasted 00:00:52 (1334 turns).

Kurtz the Chopper (Octopode Fighter)                Turns: 1334, Time: 00:00:54

Health: -2/31      AC:  1    Str: 15    XL:     4   Next: 36%
Magic:  13/13      EV: 13    Int: 18    God:
Gold:   169        SH:  4    Dex: 13    Spells: 3/3 levels left

rFire   . . .        m - +2 spear "Irasuja" {elec, rC+ MP+9 Int+8}
rCold   + . .        b - +0 buckler
rNeg    . . .        (helmet restricted)
rPois   .            (no amulet)
rElec   .            (no ring)
rCorr   .            (no ring)
SInv    .            (no ring)
Will    .....        (no ring)
Stlth   ++           (no ring)
HPRegen 0.25/turn    (no ring)
MPRegen 0.13/turn    (no ring)
                     (no ring)

%: no passive effects
@: no status effects
A: almost no armour, amphibious, 8 rings, camouflage 1, gelatinous body 1,
(nimble swimmer 1), tentacles
a: no special abilities


You were on level 3 of the Dungeon.
You visited 1 branch of the dungeon, and saw 3 of its levels.

You collected 169 gold pieces.

Inventory:

Hand Weapons
 a - a +0 war axe
 m - the +2 spear "Irasuja" (weapon) {elec, rC+ MP+9 Int+8}
   (You found it on level 2 of the Dungeon)

   Int+8:     It affects your intelligence (+8).
   rC+:       It protects you from cold.
   MP+9:      It affects your magic capacity (+9).
Armour
 b - a +0 buckler (worn)
Jewellery
 d - a ring of see invisible
Scrolls
 e - a scroll of amnesia {unknown}
 f - a scroll of revelation {unknown}
 g - a scroll of fear {unknown}
 k - a scroll of teleportation {unknown}
Potions
 c - a potion of might
 h - a potion of lignification {unknown}
 i - a potion of brilliance {unknown}
 j - 2 potions of curing {unknown}
 l - a potion of degeneration {unknown}


   Skills:
 - Level 3.0 Fighting
 * Level 4.5 Axes
 - Level 3.0 Dodging
 - Level 3.0 Shields


You had 3 spell levels left.
You didn't know any spells.
Your spell library contained the following spells:

 Spells                   Type           Power      Damage    Failure   Level
 Ensorcelled Hibernation  Hex/Ice        0%         N/A       41%         2
 Jinxbite                 Hex            0%         N/A       41%         2
 Anguish                  Hex/Necr       0%         N/A       96%         4


Dungeon Overview and Level Annotations

Branches:
Dungeon (3/15)

Altars:
Qazlal

Shops:
D:2 (


Innate Abilities, Weirdness & Mutations

You cannot wear most types of armour.
You are amphibious.
You can wear up to eight rings at the same time.
Your skin changes colour to match your surroundings (Stealth+).
Your rubbery body absorbs attacks. (AC +1, EV +1)
((You are camouflaged when in or above water. (Stealth+)))
You have tentacles for arms and can constrict up to eight enemies at once.


Message History

You closely miss the orc. Your grab misses the orc.
You squeeze the orc, but do no damage.
The orc is heavily wounded.
The orc hits you from afar with a +0 trident.
The orc hits you with a +0 short sword.
Unknown command.
You barely miss the orc. Your grab misses the orc.
The orc is heavily wounded.
The orc hits you from afar with a +0 trident.
The orc hits you with a +0 short sword. The orc barely misses you.
Unknown command.
You barely miss the orc. You grab the orc. You squeeze the orc.
You kill the orc!
The orc misses you. The orc closely misses you. x2
Unknown command.
You hit the orc. You grab the orc.
The orc is severely wounded.
You constrict the orc. You hit the orc but do no damage.
Lightning courses through the orc!
You kill the orc!
The orc misses you. x2
Unknown command.
You hit the orc. Your grab misses the orc. You squeeze the orc.
The orc is severely wounded.
The orc hits you from afar with a +0 trident.
The orc barely misses you. The orc hits you with a +0 club.
The orc hits you from afar with a +0 trident!
* * * LOW HITPOINT WARNING * * *
You are too injured to fight recklessly!
Unknown command.
You are too injured to fight recklessly!
You are too injured to fight recklessly!
Reach: m) +2 spear "Irasuja" {elec, rC+ MP+9 Int+8}
Press: ? - help, Dir - move target, f - orc
Aim: an orc, wielding a +0 club and wearing a +1 leather armour of cold resistance (severely wounded, about 36% to evade the +2 spear "Irasuja")
You barely miss the orc. Your grab misses the orc. You squeeze the orc.
You kill the orc!
The orc hits you from afar with a +0 trident.
You die...

########## #...........
.........# #..<........
.........# ###...........
.........# #.............
......)..# #.###>........
)........# #.# ####...<.#
......)..###.######.....#
......)..##.......#.....#
......o)@##..####.#######
.............#
..........####
.######..## #.## #.# #.#
#.


You could see an orc.

Vanquished Creatures
  Jessica (D:2)
  An adder (D:2)
  4 orcs (D:3)
  8 endoplasms
  A giant cockroach (D:1)
  2 hobgoblins (D:1)
  A kobold (D:1)
  A quokka (D:2)
  9 ball pythons
  2 bats (D:2)
  3 frilled lizards
  4 goblins
  4 rats
41 creatures vanquished.

Notes
Turn   | Place    | Note
-------+----------+-------------------------------------------
     0 | D:1      | Kurtz the Octopode Fighter began the quest for the Orb.
     0 | D:1      | Reached XP level 1. HP: 16/16 MP: 1/1
   142 | D:1      | Reached XP level 2. HP: 20/21 MP: 2/2
   200 | D:1      | Reached skill level 3 in Axes
   687 | D:2      | Found a stormy altar of Qazlal.
   709 | D:2      | Reached XP level 3. HP: 26/26 MP: 3/3
   749 | D:2      | Noticed Jessica
   757 | D:2      | Killed Jessica
   758 | D:2      | Reached skill level 4 in Axes
   891 | D:2      | Reached XP level 4. HP: 31/31 MP: 4/4
  1105 | D:2      | Found Bunwenit's Antique Weapon Boutique.
  1109 | D:2      | Found a faded altar of an unknown god.
  1134 | D:2      | Identified the +2 spear "Irasuja" {elec, rC+ MP+9 Int+8}
  1334 | D:3      | Slain by an orc

Illustrated notes

Levels and vault maps discovered:
D:1:      erik_arrival_blinker_ship, layout_basic
D:2:      layout_rooms, basic_altar, serial_shops,
          nicolae_shop_pleasant_corner_grove,
          ebering_ecumenical_altar_sacrificial, uniq_jessica
D:3:      layout_rooms

Skill      XL: |  1  2  3 |
---------------+----------+-----
Axes           | 3 4 |  4.5
Fighting       | |  3.0
Dodging        | |  3.0
Shields        | |  3.0

Action                     |  1- 3 |  4- 6 || total
---------------------------+-------+-------++-------
  Melee: War axe           |    45 |     8 ||    53
         Constrict         |     9 |     7 ||    16
         Tentacles         |     6 |     6 ||    12
         Punch             |     1 |       ||     1
         Spear             |       |    12 ||    12
   Stab: Sleeping          |     8 |     1 ||     9
         Distracted        |       |     1 ||     1
 Armour: Skin              |    14 |    12 ||    26
  Dodge: Dodged            |    16 |    14 ||    30
  Block: Buckler           |     8 |     3 ||    11

Table legend: (Time is in decaauts)
 A = Elapsed time spent in this place.
 B = Non-inter-level travel time spent in this place.
 C = Inter-level travel time spent in this place.
 D = Time resting spent in this place.
 E = Time spent auto-exploring this place.
 F = Levels seen in this place.
 G = Mean time per level.
                   A        B        C        D        E       F      G
               +--------+--------+--------+--------+--------+-----+--------+
         Total |   1352 |   1324 |     28 |      0 |   1058 |   3 |  450.7 |
       Dungeon |   1352 |   1324 |     28 |      0 |   1058 |   3 |  450.7 |
               +--------+--------+--------+--------+--------+-----+--------+

Top non-repeatable levels by time:
     D:1: 699 daAuts
     D:2: 611 daAuts
     D:3: 41 daAuts
